Map: Prion Terraces

Players

KalVasFlam

  • Race: Terran Terran
  • League: Master

Melody - Winner!

  • Race: Zerg Zerg
  • League: Diamond

VOD

Have the link to the VOD?

Description

Time

  • Played on: Jan. 4, 2016, 3:28 a.m.
  • Length: 16:15
Show
View Real Time Build Order
Export as new Build Order

KalVasFlam Terran 

Build Orders: Hellion Opening, Bio Tank 

Get SALT Encoding   

  12  0:00  SCV  
  13  0:13  SCV  
  14  0:17  Supply Depot  
  14  0:25  SCV  
  15  0:39  SCV, Barracks  
  16  0:51  SCV  
  16  0:52  Refinery  
  17  1:03  SCV  
  18  1:18  SCV  
  19  1:26  Marine  
  19  1:31  Orbital Command  
  20  1:40  Command Center  
  20  1:44  Marine  
  21  1:57  SCV  
  21  1:58  Factory  
  22  2:05  Supply Depot  
  22  2:09  SCV  
  23  2:16  Barracks Reactor  
  23  2:34  SCV  
  24  2:37  Supply Depot  
  24  2:48  SCV  
  24  2:51  Starport  
  25  3:01  SCV  
  25  3:04  Hellion x2, Marine  
  31  3:08  Supply Depot  
  31  3:09  Orbital Command  
  31  3:17  SCV  
  32  3:22  Marine  
  32  3:26  Hellion x2  
  37  3:30  Supply Depot, SCV  
  37  3:32  Medivac  
  40  3:40  Marine  
  40  3:41  SCV  
  42  3:47  Hellion x2  
  46  3:51  SCV  
  47  3:58  Marine  
  48  4:04  Armory  
  48  4:05  Refinery  
  48  4:11  Hellion  
  48  4:12  Hellion  
  52  4:17  SCV  
  52  4:18  SCV  
  54  4:29  Supply Depot, SCV  
  55  4:33  Hellion x2  
  55  4:36  Viking  
  55  4:37  SCV  
  61  4:41  SCV  
  62  4:48  Liberator  
  62  5:05  Hellion x2  
  62  5:06  SCV x2  
  55  5:44  SCV x2, Hellion x2  
  55  5:49  Command Center, Barracks Tech Lab, Barracks  
  57  5:50  Barracks  
  57  5:52  Factory  
  57  5:56  SCV x2  
  57  6:23  Liberator  
  56  6:36  Factory Tech Lab, Marine  
  56  6:38  Stimpack  
  56  6:39  Barracks Reactor  
  53  6:41  Factory Tech Lab  
  56  6:55  SCV x2  
  56  6:58  Refinery x2  
  56  7:00  Engineering Bay  
  56  7:01  Engineering Bay  
  58  7:02  Siege Tank  
  58  7:03  Orbital Command  
  58  7:07  SCV  
  62  7:14  Marine x2  
  62  7:25  Marine x3  
  62  7:26  Siege Tank  
  62  7:28  Orbital Command  
  68  7:31  Marine  
  68  7:35  Marine  
  68  7:36  Siege Tank  
  73  7:38  SCV x2  
  73  7:41  Terran Infantry Armor Level 1  
  73  7:42  Supply Depot  
  73  7:43  Supply Depot, Marine x2  
  77  7:45  Supply Depot  
  77  7:48  Barracks  
  77  7:51  Barracks  
  77  8:04  Marine  
  77  8:05  Marine x4  
  81  8:07  Siege Tank, Medivac  
  81  8:08  SCV x2  
  89  8:13  Terran Vehicle Weapons Level 1  
  89  8:14  Supply Depot, Orbital Command  
  89  8:16  Supply Depot  
  89  8:18  Supply Depot  
  89  8:20  SCV  
  89  8:22  Marine  
  91  8:33  Marine x4  
  91  8:34  Siege Tank  
  98  8:35  SCV x2  
  100  8:41  Siege Tank  
  100  8:43  Barracks Reactor x2  
  100  8:47  SCV  
  100  8:48  SCV x2  
  103  9:02  Refinery  
  103  9:03  Marine x5  
  103  9:05  Combat Shields  
  103  9:06  Refinery  
  103  9:08  Siege Tank  
  111  9:12  SCV x3  
  111  9:16  Siege Tank  
  117  9:20  Marine  
  117  9:22  Marine x3  
  117  9:23  Marine x4  
  125  9:24  SCV  
  125  9:25  Terran Infantry Weapons Level 1  
  126  9:32  Marine  
  126  9:34  Medivac  
  126  9:38  Marine  
  126  9:40  Marine x2  
  87  9:55  Marine x6  
  87  9:56  Marine  
  87  9:58  Marine x2  
  96  10:00  Siege Tank x2  
  99  10:13  Marine x4  
  97  10:15  SCV x3  
  97  10:20  Terran Infantry Armor Level 2  
  100  10:31  Marine  
  100  10:32  Command Center, Marine x8  
  100  10:33  Siege Tank x2  
  115  10:35  SCV  
  115  10:36  SCV  
  117  10:49  Marine x3  
  118  10:50  Marine x2  
  118  10:55  Marine  
  118  10:56  Marine x3  
  126  11:05  Siege Tank  
  126  11:06  Siege Tank  
  126  11:07  Starport Reactor, Marine x2  
  126  11:09  SCV x3  
  137  11:21  SCV  
  132  11:40  Marine x8  
  132  11:41  Marine  
  132  11:44  Siege Tank x2, Medivac x2  
  132  11:45  SCV x2  
  132  11:46  SCV  
  152  11:57  SCV  
  152  11:58  SCV, Marine x6  
  154  12:06  Terran Infantry Weapons Level 2  
  152  12:14  Medivac x2  
  156  12:26  Refinery  
  156  12:34  Marine x2  
  156  12:44  Marine  
  156  12:45  Marine x2  
  156  12:46  Marine  
  156  12:47  Marine x3  
  156  12:49  Siege Tank x2  
  148  12:52  Marine x2  
  119  13:01  Marine  
  119  13:03  Marine x2  
  119  13:04  Terran Infantry Armor Level 3, Marine x2  
  119  13:05  Marine x2  
  118  13:06  Planetary Fortress  
  118  13:10  Marine x2  
  118  13:11  Command Center  
  122  13:19  Command Center, Marine  
  123  13:20  Marine  
  123  13:21  Siege Tank x2, Marine  
  123  13:22  Marine x2  
  123  13:23  Marine  
  123  13:24  Command Center  
  134  13:27  Marine  
  134  13:28  Marine x2  
  134  13:32  Terran Vehicle Weapons Level 2  
  137  13:37  Barracks x2, Marine  
  137  13:38  Marine  
  137  13:39  Marine  
  137  13:40  Marine x2  
  137  13:41  Marine  
  143  13:45  Marine  
  143  13:46  Marine  
  145  13:53  Siege Tank  
  146  14:02  Marine x8  
  151  14:03  Marine  
  151  14:08  Command Center  
  155  14:12  Command Center  
  155  14:19  Marine  
  155  14:22  Siege Tank, Marine x4  
  155  14:23  Marine  
  155  14:24  Marine x3  
  164  14:25  Siege Tank  
  169  14:33  Planetary Fortress  
  169  14:37  Marine  
  164  14:38  Armory  
  164  14:40  Factory, Marine x3  
  167  14:46  Factory  
  167  14:48  Factory  
  69  15:14  Marine  
  69  15:15  Thor x2, Marine x8  
  89  15:32  Marine x5  
  89  15:33  Factory Tech Lab x2  
  89  15:34  Factory Tech Lab, Marine  
  89  15:35  Marine x3  
  87  15:50  Marine x5  
Show
View Real Time Build Order
Export as new Build Order

Melody Zerg - Winner!

Build Orders: Hatch First 

Get SALT Encoding   

  12  0:04  Drone  
  13  0:13  Drone  
  14  0:18  Overlord  
  14  0:23  Drone, Extractor  
  15  0:36  Drone  
  15  0:38  Drone  
  17  0:57  Hatchery  
  17  1:02  Drone, Extractor  
  16  1:16  Spawning Pool  
  15  1:20  Drone  
  16  1:30  Drone x2  
  18  1:40  Drone  
  19  1:49  Extractor  
  19  1:51  Drone  
  19  2:02  Queen  
  19  2:04  Zergling x2  
  22  2:09  Queen  
  25  2:16  Metabolic Boost  
  24  2:26  Drone x3  
  24  2:27  Drone  
  28  2:32  Overlord  
  28  2:43  Overlord  
  28  2:52  Roach Warren  
  28  2:58  Drone x4  
  31  3:12  Drone x4  
  35  3:13  Drone  
  36  3:29  Hatchery  
  35  3:36  Roach  
  35  3:37  Roach x2  
  35  3:38  Overlord  
  35  3:40  Drone x2  
  43  3:49  Overlord  
  43  3:52  Drone  
  43  3:57  Roach x2  
  43  4:00  Roach  
  49  4:04  Extractor  
  49  4:09  Queen x2  
  52  4:13  Roach  
  54  4:26  Roach  
  54  4:27  Zergling x2  
  54  4:28  Zergling x6  
  60  4:35  Overlord  
  60  4:45  Zergling x2  
  61  4:46  Overlord, Zergling x8  
  61  4:47  Overlord  
  65  4:53  Queen  
  62  5:10  Roach  
  62  5:11  Roach x7  
  72  5:43  Drone  
  72  5:44  Drone x8  
  81  5:58  Drone  
  81  6:00  Lair  
  80  6:15  Drone x2  
  80  6:17  Overlord  
  82  6:28  Overlord  
  78  6:38  Ravager x3  
  81  6:40  Drone  
  81  6:41  Drone x8  
  90  6:57  Extractor  
  90  6:58  Extractor  
  88  7:12  Evolution Chamber  
  88  7:14  Evolution Chamber  
  85  7:30  Drone x6  
  85  7:31  Drone x7  
  98  7:37  Overlord x3  
  98  7:38  Overlord, Extractor x2  
  98  7:39  Glial Reconstitution  
  96  7:50  Roach  
  98  7:53  Overlord  
  98  7:54  Overlord  
  98  7:55  Zerg Missile Weapons Level 1  
  98  7:56  Zerg Ground Armor Level 1  
  98  8:03  Hatchery  
  95  8:07  Roach x4  
  95  8:08  Roach x5  
  113  8:15  Roach x3  
  113  8:16  Roach x4  
  127  8:21  Drone x2  
  127  8:38  Roach  
  127  8:39  Roach x5  
  139  8:47  Infestation Pit  
  139  8:48  Overlord  
  138  8:55  Extractor  
  134  8:56  Extractor  
  134  8:59  Roach  
  134  9:00  Roach x5  
  134  9:01  Overlord  
  145  9:09  Drone x2  
  148  9:10  Drone  
  146  9:19  Roach  
  146  9:20  Roach x7  
  155  9:34  Queen  
  155  9:36  Roach x5  
  155  9:37  Roach  
  151  9:50  Roach  
  151  9:51  Roach x11  
  151  9:57  Drone x6  
  155  10:02  Overlord  
  155  10:03  Overlord  
  135  10:19  Zerg Ground Armor Level 2  
  135  10:35  Roach  
  137  10:36  Roach x12  
  161  10:46  Overlord  
  161  10:52  Hive  
  161  10:55  Zerg Melee Weapons Level 1  
  161  10:57  Hatchery  
  160  10:59  Ravager x3  
  160  11:00  Ravager x2  
  165  11:15  Queen  
  154  11:33  Drone  
  154  11:34  Drone x22  
  177  11:41  Overlord  
  177  11:53  Overlord  
  175  12:11  Ultralisk Cavern  
  175  12:12  Adrenal Glands  
  175  12:15  Roach x11  
  196  12:16  Queen  
  196  12:17  Queen  
  200  12:35  Overlord x2  
  200  12:42  Extractor  
  199  12:45  Extractor  
  126  13:02  Ultralisk x5  
  126  13:03  Zergling x8  
  156  13:08  Chitinous Plating  
  156  13:10  Drone x3  
  159  13:19  Drone x2  
  162  13:20  Drone x2  
  163  13:34  Ultralisk x2  
  163  13:35  Zergling x2  
  163  13:36  Zergling x4  
  163  13:38  Overlord  
  178  13:46  Overlord  
  180  14:00  Ultralisk  
  180  14:01  Ultralisk, Zergling x2  
  180  14:02  Zergling x4  
  195  14:15  Zergling x2  
  195  14:16  Zergling x8  
  184  14:40  Ultralisk x2  
  184  14:41  Hatchery, Zergling x8  
  197  14:55  Hatchery  
  180  15:05  Ultralisk x3  
  180  15:06  Zergling x2  
  195  15:07  Zergling x4  
  195  15:08  Zergling x2  
  190  15:20  Ultralisk  
  189  15:36  Ultralisk  
  189  15:37  Zergling x10  
  200  15:48  Spire  
Tags
 
Add a new tag
Caveats
  • Supply blocks, unpowered buildings, or Contaminate may cause inaccurate times.
  • Supply counts are checked every 10 seconds.